 Dungeon Crawl Stone Soup version 0.29-a0-82-g837932c90e (webtiles) character file.

Game seed: 10620108067142675775

278232 robertstho the Warrior (level 19, 0/184 HPs)
             Began as a Minotaur Fighter on Feb 4, 2022.
             Was the Champion of Qazlal.
             Killed from afar by a deep elf annihilator (36 damage)
             ... with a poison arrow
             ... on level 3 of the Elven Halls.
             The game lasted 01:19:44 (45574 turns).

robertstho the Warrior (Minotaur Fighter)          Turns: 45574, Time: 01:19:45

Health: 0/184      AC: 30    Str: 30    XL:     19   Next: 62%
Magic:  33/37      EV: 11    Int: 10    God:    Qazlal [******]
Gold:   627        SH: 29    Dex: 11    Spells: 18/18 levels left

rFire   . . .      SeeInvis .   D - +6 demon trident (drain)
rCold   + + +      Faith    .   T - +1 tower shield {rC+}
rNeg    . . .      Spirit   .   P - +2 chain mail {rC+}
rPois   .          Reflect  .   j - +3 hat of Pondering {ponderous, Will+ MP+10 Int+5}
rElec   .          Harm     .   p - +2 cloak {rC+}
rCorr   .          Rampage  .   (no gloves)
Will    ++...                   Z - +2 pair of boots {Stlth+}
Stlth   ..........              E - amulet of regeneration
HPRegen 1.20/turn               Y - ring of protection from cold
MPRegen 0.25/turn               q - ring of flight

@: mighty, lethally poisoned (0 -> -6), about to teleport, protected from
physical damage, flying, studying Ice Magic, invisible (expiring), repel
missiles, slow
A: horns 2, retaliatory headbutt, strong 1
}: 2/15 runes: decaying, serpentine
a: Renounce Religion, Upheaval, Elemental Force, Disaster Area


You were on level 3 of the Elven Halls.
You worshipped Qazlal.
Qazlal was exalted by your worship.
You visited 7 branches of the dungeon, and saw 35 of its levels.
You visited the Abyss 1 time.
You visited 1 bazaar.
You also visited: Ice Cave.

You collected 4037 gold pieces.
You spent 3410 gold pieces at shops.

Inventory:

Hand Weapons
 D - a +6 demon trident of draining (weapon)
Missiles
 y - 7 throwing nets (quivered)
Armour
 g - a +4 chain mail of poison resistance
 i - a scarf of invisibility
 j - the +3 hat of Pondering (worn) {ponderous, Will+ MP+10 Int+5}
   (You took it off Gastronok on level 9 of the Dungeon)

   Int:       It affects your intelligence (+5).
   MP:        It affects your magic capacity (+10).
   Will:      It increases your willpower.
 p - a +2 cloak of cold resistance (worn)
 G - a +0 plate armour of fire resistance
 P - a +2 chain mail of cold resistance (worn)
 T - a +1 tower shield of cold resistance (worn)
 X - a +1 tower shield of reflection
 Z - a +2 pair of boots of stealth (worn)
Jewellery
 f - a +6 ring of strength
 l - a ring of fire
 q - a ring of flight (right hand)
 s - a +4 ring of evasion
 B - an amulet of reflection
 E - an amulet of regeneration (around neck)
 F - a ring of see invisible
 J - a ring of ice
 Y - a ring of protection from cold (left hand)
Wands
 r - a wand of iceblast (25)
 L - a wand of digging (18)
Scrolls
 c - 5 scrolls of enchant armour
 e - 2 scrolls of blinking
 h - 3 scrolls of immolation
 k - 6 scrolls of magic mapping
 n - 3 scrolls of teleportation
 o - 7 scrolls of fog
 u - a scroll of silence
 N - 21 scrolls of identify
 S - a scroll of holy word
Potions
 d - 4 potions of magic
 t - 7 potions of mutation
 v - 2 potions of resistance
 z - 5 potions of lignification
 C - 9 potions of curing
 H - 5 potions of ambrosia
 K - a potion of invisibility
 Q - 2 potions of cancellation
 R - 3 potions of might
Miscellaneous
 b - a phantom mirror (inert)
 m - a box of beasts
 W - a lightning rod (3/4)


   Skills:
 * Level 19.7 Fighting
 + Level 5.2(12.1) Axes
 + Level 6.9(7.7) Maces & Flails
 + Level 15.5(15.8) Polearms
 * Level 18.7 Armour
 + Level 7.5 Dodging
 - Level 2.6 Stealth
 + Level 18.8 Shields
 * Level 13.1 Invocations
 * Level 12.3 Evocations


You had 18 spell levels left.
You didn't know any spells.
Your spell library contained the following spells:

 Spells                   Type           Power      Damage    Failure   Level
 Animate Skeleton         Necr           0%         N/A       95%         1
 Apportation              Tloc           0%         N/A       95%         1
 Beastly Appendage        Tmut           0%         N/A       95%         1
 Freeze                   Ice            0%         1d3       95%         1
 Slow                     Hex            0%         N/A       95%         1
 Summon Small Mammal      Summ           0%         N/A       95%         1
 Blink                    Tloc           0%         N/A       98%         2
 Corpse Rot               Necr/Air       0%         N/A       98%         2
 Ensorcelled Hibernation  Hex/Ice        0%         N/A       98%         2
 Passwall                 Tmut/Erth      0%         N/A       98%         2
 Poisonous Vapours        Pois/Air       0%         N/A       98%         2
 Scorch                   Fire           0%         2d5       98%         2
 Static Discharge         Conj/Air       0%         N/A       98%         2
 Sublimation of Blood     Necr           0%         N/A       98%         2
 Wereblood                Tmut           0%         N/A       98%         2
 Confusing Touch          Hex            0%         N/A       100%        3
 Dazzling Flash           Conj/Hex       0%         N/A       100%        3
 Frozen Ramparts          Ice            0%         1d2       100%        3
 Lesser Beckoning         Tloc           0%         N/A       100%        3
 Spider Form              Tmut/Pois      0%         N/A       100%        3
 Swiftness                Air            0%         N/A       100%        3
 Vampiric Draining        Necr           0%         2d6       100%        3
 Animate Dead             Necr           0%         N/A       100%        4
 Dispel Undead            Necr           0%         3d6       100%        4
 Flame Wave               Conj/Fire      0%         2d4       100%        4
 Hailstorm                Conj/Ice       0%         3d3       100%        4
 Iskenderun's Mystic Bla  Conj/Tloc      0%         2d3       100%        4
 Leda's Liquefaction      Hex/Erth       0%         N/A       100%        4
 Passage of Golubria      Tloc           0%         N/A       100%        4
 Petrify                  Tmut/Erth      0%         N/A       100%        4
 Sticky Flame             Conj/Fire      0%         2d3       100%        4
 Lee's Rapid Deconstruct  Erth           0%         3d5*      100%        5
 Lightning Bolt           Conj/Air       0%         1d11      100%        5
 Manifold Assault         Tloc           0%         N/A       100%        5
 Metabolic Englaciation   Hex/Ice        0%         N/A       100%        5
 Silence                  Hex/Air        0%         N/A       100%        5
 Starburst                Conj/Fire      0%         6d3       100%        6
 Statue Form              Tmut/Erth      0%         N/A       100%        6
 Summon Cactus Giant      Summ           0%         N/A       100%        6
 Haunt                    Necr/Summ      0%         N/A       100%        7
 Summon Hydra             Summ           0%         N/A       100%        7
 Infestation              Necr           0%         N/A       100%        8
 Lehudib's Crystal Spear  Conj/Erth      0%         10d2      100%        8
 Maxwell's Capacitive Co  Air            0%         ∞         100%        8
 Chain Lightning          Conj/Air       0%         N/A       100%        9
 Fire Storm               Conj/Fire      0%         5d1       100%        9
 Shatter                  Erth           0%         3d5*      100%        9


Dungeon Overview and Level Annotations

Branches:
Dungeon (15/15)            Temple (1/1) D:5            Lair (6/6) D:10
  Swamp (4/4) Lair:4        Snake (4/4) Lair:3        Slime (0/5) Lair:6
    Orc (2/2) D:10            Elf (3/3) Orc:2        Vaults (0/5) D:13
 Depths (0/4) D:15          IceCv (visited)

Altars:
Ashenzari
Cheibriados
Dithmenos
Elyvilon
Fedhas
Gozag
Hepliaklqana
Kikubaaqudgha
Makhleb
Nemelex Xobeh
Okawaru
Qazlal
Ru
Sif Muna
Trog
Uskayaw
Vehumet
Wu Jian
Xom
Yredelemnul
Zin
The Shining One
Beogh

Shops:
D:10 =(?   D:12 [   Orc:1 (   Orc:2 =([?   Elf:1 :   Snake:2 [([   Snake:3 [

Annotations:
D:9 3 runed translucent doors, diecastcamel's ghost, journeyman MiBe
D:11 2 runed translucent doors, exclusion: orange crystal statue
Swamp:1 3 runed translucent doors, Deodd's ghost, adept GrFi; Zukhihyth's ghost, adept DDFi
Swamp:4 exclusion: 2 oklob plants


Innate Abilities, Weirdness & Mutations

You have a pair of horns on your head.
You reflexively headbutt those who attack you in melee.
Your muscles are strong. (Str +2)


Message History

The deep elf blademaster barely misses your deep elf blademaster.
Unknown command.
You miss the deep elf blademaster.
The deep elf blademaster is severely wounded.
Your deep elf blademaster hits the deep elf blademaster with a +0 short sword!
Your deep elf blademaster barely misses the deep elf blademaster.
You block the deep elf blademaster's attack. x2
Unknown command.
You completely miss the deep elf blademaster.
The deep elf blademaster is almost dead.
You hear a shout!
You block the deep elf blademaster's attack. x2
Your deep elf blademaster completely misses the deep elf blademaster.
Your deep elf blademaster hits the deep elf blademaster with a +0 short sword!
Unknown command.
You catch the helpless deep elf blademaster completely off-guard!
You impale the deep elf blademaster!!
You kill the deep elf blademaster!
Qazlal accepts your kill.
Your lightning rod (3/4) has regained one charge.
Unknown command.
You swap places.
Items here: )) [ †.
You hear a shout! x2
Items here: ))) [ †††.
You feel your health improve.
You flicker for a moment.
You see here a +0 long sword.
The deep elf sorcerer gestures wildly while chanting.
The deep elf sorcerer seems to speed up.
You are no longer corroded.
Your protection from physical attacks is fading.
A deep elf demonologist comes into view.
It is wielding a +0 long sword.
You see here 22 gold pieces.
As you read the scroll of teleportation, it crumbles to dust.
You feel strangely unstable.
The deep elf annihilator points at you and mumbles some strange words.
The poison arrow hits you!!!
You are poisoned.
You die...

,**,,,,**#..?**
***,,,,,*.....####
*,,,,,,,.e⌠.e§e)#
***,,,,,*,,,,,##)#
,**,,,,***,,,##).######
,,,*,,**,**,##)#.).°..####
,,,,,,*,,,**#.##ee○......#
,,,,,,,,,,,*####○e°......#
,,,**,,,,,,,** #@○.......#
,,**,,,,*,,,,**####...####
,**,,,,***,,,,*#.###.##
,,**,,,,*,,,,***#.#.##
,,,**,,,,,,,** ##.##
⌠,,,**,,,,,** ##.#.##***
,,,****,,,** #...#.#..#**
,,** **,** #.........,*
,**####***######.....^...,*


You could see a deep elf annihilator, a deep elf sorcerer (fast), a deep elf
demonologist and a friendly deep elf blademaster (summoned, drained).

Vanquished Creatures
  Vashnia (Snake:3)
  Jorgrun (D:14)
  Mlioglotl (Swamp:1)
  A tentacled monstrosity (Swamp:3)
  An Ice Fiend (IceCv)
  A deep elf blademaster (Elf:3)
  A tentacled starspawn (Abyss:2)
  Kirke (D:15)
  Agnes (D:15)
  Gastronok (D:9)
  An azure jelly (Elf:3)
  Donald (Swamp:1)
  4 thorn hunters
  7 nagarajas
  A deep elf sorcerer (Elf:3)
  Nessos (D:13)
  4 deep elf demonologists (Elf:3)
  3 eleionomae
  2 vampire knights (Swamp:3)
  A deep elf annihilator (Elf:3)
  A bunyip (Swamp:3)
  2 deep elf death magi
  Josephine (D:10)
  A deep elf high priest (Elf:3)
  3 shambling mangroves (Swamp:4)
  Fannar (D:12)
  3 salamander tyrants
  5 vault guards (D:13)
  3 boulder beetles
  2 caustic shrike simulacra (IceCv)
  12 naga warriors
  2 rakshasas
  A merfolk avatar (Lair:6)
  A death knight (D:13)
  27 hydras
  Erolcha (D:9)
  3 anacondas
  2 ogre magi
  4 catoblepae
  7 death yaks
  6 centaur warriors
  5 two-headed ogres
  9 alligators
  3 orc high priests (Orc:2)
  25 dancing weapons
  8 shock serpents
  16 deep elf knights
  10 naga sharpshooters
  2 tengu warriors
  13 spriggans
  An iron troll (D:12)
  A shadow wraith (Abyss:2)
  3 salamander mystics
  2 skeletal warriors
  A deep troll (D:12)
  3 sea snakes (Lair:6)
  4 swamp dragons
  9 spriggan simulacra (IceCv)
  2 goliath frogs
  11 deep elf archers
  An obsidian statue (IceCv)
  2 lindwurms (Lair:3)
  A death drake (Swamp:3)
  2 large abominations (Abyss:2)
  3 spectral hydras (Swamp:4)
  7 bog bodies
  2 naga ritualists (Snake:4)
  4 spriggan druids
  A necromancer (D:15)
  2 wizards
  5 orc knights
  31 deep elf pyromancers
  A phantasmal warrior (Swamp:3)
  2 mana vipers
  The ghost of tatocazan the Bolt Thrower, a novice FoHu of Okawaru (D:6)
  5 cyclopes
  30 deep elf zephyrmancers
  2 wolf spiders
  7 will-o-the-wisps
  15 salamanders
  3 manticores
  6 ugly things
  A worldbinder (Abyss:2)
  4 orc sorcerers
  24 naga magi
  5 elephants (Lair:3)
  A guardian serpent (Snake:3)
  29 black mambas
  4 ice statues (D:14)
  A torpor snail (Lair:6)
  A smoke demon (Abyss:2)
  18 cane toads
  3 gargoyles
  7 rime drakes
  An unseen horror (D:11)
  3 tengu conjurers
  An efreet (D:14)
  6 freezing wraiths
  4 kobold demonologists
  13 komodo dragons
  9 ice devils (IceCv)
  3 anaconda simulacra (IceCv)
  5 hydra zombies (Swamp:4)
  2 polar bears
  An ancient zyme (Elf:3)
  An entropy weaver simulacrum (IceCv)
  A harpy zombie (D:15)
  2 death drake zombies (Swamp:4)
  Prince Ribbit (D:6)
  8 trolls
  2 wolf spider simulacra (D:15)
  9 tyrant leeches
  17 hornets
  4 blink frogs (Lair:5)
  A meliai zombie (D:15)
  12 dream sheep
  2 snapping turtles (Lair:6)
  A hydra skeleton (Swamp:4)
  10 slime creatures
  Sigmund (D:2)
  An air elemental (Elf:2)
  A water elemental (D:11)
  3 shadows
  4 wyverns
  A vampire (D:9)
  A ynoxinul (Elf:3)
  2 fire elementals
  3 dire elephant simulacra (IceCv)
  2 humans
  64 yaks
  10 wraiths
  4 basilisks
  7 minotaur simulacra (IceCv)
  Menkaure (D:7)
  2 wargs (Orc:1)
  A harpy simulacrum (IceCv)
  37 nagas
  12 swamp worms
  3 acid dragons
  21 water moccasins
  4 hydra simulacra
  Duvessa (D:7)
  11 swamp drakes
  2 black bears
  2 sky beasts
  4 ettin simulacra (IceCv)
  A hornet zombie (D:6)
  23 orc warriors
  11 ice beasts
  An alligator simulacrum (IceCv)
  2 necrophages (D:7)
  2 swamp dragon zombies (Swamp:4)
  9 ogres
  16 wolves
  3 boggarts (D:15)
  6 centaurs
  A phantom (D:4)
  3 kobold brigands
  22 bullfrogs
  10 deep troll simulacra (IceCv)
  An earth elemental (Elf:1)
  3 scorpions
  3 small abominations (Abyss:2)
  Dowan (D:7)
  11 killer bees
  A lindwurm simulacrum (IceCv)
  2 howler monkeys
  6 electric eels
  A bullfrog zombie (D:5)
  3 hounds (D:6)
  2 centaur skeletons
  2 centaur zombies
  3 jellies
  17 orc priests
  5 bullfrog skeletons
  A gnoll shaman (D:6)
  6 iguanas
  20 orc wizards
  Natasha (thrice) (D:2)
  Robin (D:2)
  A howler monkey zombie (D:4)
  8 gnolls
  5 adders
  A white imp (D:7)
  5 worms
  3 dart slugs
  108 orcs
  7 ball pythons
  3 bats
  4 endoplasms
  A giant cockroach (D:2)
  12 goblins
  8 hobgoblins
  7 jackals
  4 quokkas
  3 training dummies (Orc:1)
  2 frilled lizards
  17 kobolds
  6 rats
  2 briar patches (Swamp:4)
  A lurking horror (Abyss:2)
  A starspawn tentacle (Abyss:2)
1217 creatures vanquished.

Vanquished Creatures (collateral kills)
  Roxanne (Swamp:1)
  2 eleionomae (Swamp:1)
  A naga warrior (Snake:4)
  2 dancing weapons (Elf:1)
  4 naga sharpshooters (Snake:3)
  An orc knight (Orc:2)
  2 salamanders
  A black mamba (Snake:3)
  A freezing wraith (D:13)
  A tyrant leech (Swamp:3)
  An air elemental (Elf:1)
  A wraith (D:13)
  4 swamp worms
  A naga (Snake:3)
  2 ice beasts (D:13)
  A swamp dragon zombie (Swamp:4)
26 creatures vanquished.

Vanquished Creatures (others)
  A nagaraja (Snake:3)
  A deep elf knight (Elf:3)
  A deep elf pyromancer (Elf:1)
  A hornet (Swamp:3)
  A naga (Snake:4)
  An ogre (D:15)
  16 briar patches
  5 bushes (Lair:6)
  24 foxfires
  7 fungi
  126 plants
  A starspawn tentacle (Abyss:2)
185 creatures vanquished.

Grand Total: 1428 creatures vanquished

Notes
Turn   | Place    | Note
-------+----------+-------------------------------------------
     0 | D:1      | robertstho the Minotaur Fighter began the quest for the
                  | Orb.
     0 | D:1      | Reached XP level 1. HP: 19/19 MP: 0/0
   231 | D:1      | Reached XP level 2. HP: 27/27 MP: 1/1
   301 | D:1      | Found a faded altar of an unknown god.
   445 | D:1      | Reached skill level 4 in Fighting
   464 | D:1      | Reached XP level 3. HP: 26/33 MP: 2/2
   886 | D:2      | Noticed Natasha
   892 | D:2      | Killed Natasha
   929 | D:2      | Noticed Sigmund
   945 | D:2      | Killed Sigmund
   946 | D:2      | Reached skill level 5 in Armour
   946 | D:2      | Reached skill level 1 in Dodging
   946 | D:2      | Reached XP level 4. HP: 23/41 MP: 3/3
   946 | D:2      | Reached XP level 5. HP: 26/47 MP: 4/4
  1120 | D:2      | Noticed Natasha
  1123 | D:2      | Killed Natasha
  1124 | D:2      | Reached skill level 5 in Fighting
  1236 | D:2      | Noticed Robin
  1238 | D:2      | Reached XP level 6. HP: 56/56 MP: 5/5
  1247 | D:2      | Killed Robin
  1688 | D:2      | Noticed Natasha
  1952 | D:3      | Identified the +7 spear "Xivecryn" {vorpal, Dex+3 Stlth+}
  2521 | D:4      | You fall into a shaft and drop 2 floors!
  2553 | D:6      | Found a hide-covered altar of Uskayaw.
  2554 | D:6      | Noticed a water moccasin
  2557 | D:6      | Killed a water moccasin
  2558 | D:6      | Reached skill level 1 in Polearms
  2558 | D:6      | Reached skill level 1 in Stealth
  2558 | D:6      | Reached XP level 7. HP: 56/62 MP: 6/6
  2560 | D:6      | Reached skill level 5 in Axes
  2681 | D:6      | Reached skill level 6 in Fighting
  2755 | D:5      | Entered Level 5 of the Dungeon
  2925 | D:5      | Reached XP level 8. HP: 71/71 MP: 7/7
  3774 | D:2      | Killed Natasha
  4121 | D:5      | Found a staircase to the Ecumenical Temple.
  4137 | Temple   | Entered the Ecumenical Temple
  4302 | Temple   | Became a worshipper of Qazlal Stormbringer
  4591 | D:6      | Reached skill level 5 in Polearms
  4767 | D:6      | Reached skill level 7 in Fighting
  4767 | D:6      | Reached skill level 1 in Invocations
  4781 | D:6      | Reached skill level 1 in Evocations
  4823 | D:6      | Found a runed translucent door.
  4922 | D:6      | Reached XP level 9. HP: 77/79 MP: 9/9
  4941 | D:6      | Noticed Prince Ribbit
  4959 | D:6      | Killed Prince Ribbit
  5040 | D:6      | Noticed tatocazan's ghost (novice FoHu)
  5272 | D:6      | Killed tatocazan's ghost
  5418 | D:7      | Reached skill level 5 in Shields
  5457 | D:7      | Reached skill level 8 in Fighting
  5651 | D:7      | Reached * piety under Qazlal
  5725 | D:7      | Noticed Menkaure
  5734 | D:7      | Killed Menkaure
  5736 | D:7      | Noticed Dowan
  5744 | D:7      | Noticed Duvessa
  5762 | D:7      | Killed Duvessa
  5774 | D:7      | Killed Dowan
  5775 | D:7      | Reached XP level 10. HP: 73/89 MP: 11/11
  6471 | D:8      | Reached ** piety under Qazlal
  6637 | D:8      | Noticed a two-headed ogre
  6648 | D:8      | Killed a two-headed ogre
  6862 | D:8      | Reached skill level 9 in Fighting
  7057 | D:9      | Noticed diecastcamel's ghost (journeyman MiBe)
  7057 | D:9      | Found a runed translucent gate.
  7057 | D:9      | Found a runed translucent gate.
  7057 | D:9      | Found a runed translucent gate.
  7072 | D:9      | Noticed Erolcha
  7093 | D:9      | Killed Erolcha
  7314 | D:9      | Found an ancient bone altar of Kikubaaqudgha.
  7364 | D:9      | Noticed Gastronok
  7374 | D:9      | Killed Gastronok
  7375 | D:9      | Reached skill level 10 in Polearms
  7375 | D:9      | Reached XP level 11. HP: 75/99 MP: 1/13
  7513 | D:9      | Reached skill level 10 in Fighting
  7538 | D:9      | Found a shimmering altar of Xom.
  7637 | D:9      | Found an ornate altar of the Wu Jian Council.
  7744 | D:9      | Reached skill level 5 in Invocations
  8102 | D:10     | Entered Level 10 of the Dungeon
  8127 | D:10     | Reached skill level 5 in Dodging
  8178 | D:10     | Found Doofisiu's Jewellery Shop.
  8210 | D:10     | Reached *** piety under Qazlal
  8297 | D:10     | Found Usebot's Weapon Boutique.
  8398 | D:10     | Noticed Josephine
  8411 | D:10     | Killed Josephine
  8413 | D:10     | Noticed a centaur warrior
  8435 | D:10     | Killed a centaur warrior
  8436 | D:10     | Reached skill level 10 in Armour
  8436 | D:10     | Reached skill level 5 in Evocations
  8440 | D:10     | Found a staircase to the Lair.
  8447 | Lair:1   | Entered Level 1 of the Lair of Beasts
  9017 | Lair:1   | Noticed a catoblepas
  9035 | Lair:1   | Killed a catoblepas
  9036 | Lair:1   | Reached skill level 11 in Fighting
  9477 | Lair:1   | Reached **** piety under Qazlal
  9593 | Lair:1   | Reached XP level 12. HP: 110/110 MP: 15/15
 10350 | D:10     | Found a staircase to the Orcish Mines.
 10466 | D:10     | Found Hogeyd's Magic Scroll Shoppe.
 10469 | D:10     | Bought a scroll of identify for 28 gold pieces
 10469 | D:10     | Bought a scroll of identify for 28 gold pieces
 10469 | D:10     | Bought a scroll of identify for 28 gold pieces
 10469 | D:10     | Bought a scroll of identify for 28 gold pieces
 10676 | Lair:2   | Reached skill level 12 in Fighting
 10693 | Lair:2   | Noticed a catoblepas
 10704 | Lair:2   | Killed a catoblepas
 11008 | Lair:2   | Noticed a boulder beetle
 11041 | Lair:2   | Killed a boulder beetle
 11082 | Lair:2   | Identified the +1 ring mail of the Blessed Realm {Will-
                  | Int+4 SInv}
 11801 | Lair:3   | Found a staircase to the Snake Pit.
 12056 | Lair:2   | Reached XP level 13. HP: 76/119 MP: 17/17
 12879 | Lair:4   | Reached ***** piety under Qazlal
 13013 | Lair:4   | Reached skill level 13 in Fighting
 13413 | Lair:4   | Found a staircase to the Swamp.
 13566 | Lair:4   | Reached skill level 10 in Shields
 14681 | Lair:6   | Entered Level 6 of the Lair of Beasts
 15088 | Lair:6   | Reached XP level 14. HP: 119/130 MP: 19/19
 15157 | Lair:6   | Reached skill level 14 in Fighting
 16197 | Lair:6   | Found a staircase to the Slime Pits.
 16734 | D:10     | Found a glowing golden altar of the Shining One.
 16819 | Orc:1    | Entered Level 1 of the Orcish Mines
 16826 | Orc:1    | Reached ****** piety under Qazlal
 16907 | Orc:1    | Found Lahoemush's Firing Range.
 17447 | Orc:2    | Entered Level 2 of the Orcish Mines
 17447 | Orc:2    | Found a staircase to the Elven Halls.
 18926 | Orc:2    | Gained mutation: Your muscles are strong. (Str +2) [a
                  | neqoxec]
 19121 | Orc:2    | Found Popipp's Jewellery Shoppe.
 19121 | Orc:2    | Found Nooriq's Magic Scroll Boutique.
 19198 | Orc:2    | Found Tygiq's Antique Weapon Shoppe.
 19198 | Orc:2    | Found Rausom's Armour Boutique.
 19209 | Orc:2    | Bought a scroll of identify for 26 gold pieces
 19209 | Orc:2    | Bought a scroll of acquirement for 676 gold pieces
 19209 | Orc:2    | Bought a scroll of holy word for 97 gold pieces
 19209 | Orc:2    | Bought a scroll of magic mapping for 45 gold pieces
 19209 | Orc:2    | Bought a scroll of identify for 26 gold pieces
 19209 | Orc:2    | Bought a scroll of identify for 26 gold pieces
 19209 | Orc:2    | Bought a scroll of identify for 26 gold pieces
 19209 | Orc:2    | Bought a scroll of blinking for 97 gold pieces
 19272 | Orc:1    | Acquired the +3 Mad Mage's Maulers {Infuse+∞ RegenMP Int-3}
 19272 | Orc:1    | Found the +3 Mad Mage's Maulers {Infuse+∞ RegenMP Int-3}
 20275 | D:11     | Found a runed translucent door.
 20287 | D:11     | Found the +10 tower shield of Ignorance {rN+ Int-4}
 20293 | D:11     | Found a runed translucent door.
 20400 | D:12     | Noticed Fannar
 20696 | D:12     | Found Nyihureff's Armour Shoppe.
 20857 | D:12     | Identified the +5 mace "Zoixiwn" {pain, *Slow rPois rN++
                  | Dex+2}
 20903 | D:12     | Reached skill level 15 in Fighting
 21177 | D:12     | Reached XP level 15. HP: 141/141 MP: 20/20
 21196 | D:12     | Killed Fannar
 21395 | D:12     | Identified the +1 leather armour of Xeleh {rCorr MP+9
                  | Stlth+}
 21802 | D:13     | Reached skill level 15 in Armour
 22006 | D:13     | Found a gate to the Vaults.
 22501 | D:13     | Noticed Nessos
 22507 | D:13     | Killed Nessos
 23639 | D:14     | Found a broken altar of Ashenzari.
 23722 | D:14     | Noticed Jorgrun
 23735 | D:14     | Killed Jorgrun
 24433 | D:14     | Reached skill level 10 in Invocations
 24547 | D:14     | Reached skill level 16 in Fighting
 24622 | D:15     | Entered Level 15 of the Dungeon
 24856 | D:15     | Noticed Agnes
 24881 | D:15     | Killed Agnes
 25255 | D:15     | Reached XP level 16. HP: 136/151 MP: 22/22
 25718 | D:15     | Noticed Kirke
 25729 | D:15     | Killed Kirke
 26045 | D:15     | Found a staircase to the Depths.
 26395 | Snake:1  | Entered Level 1 of the Snake Pit
 26950 | Snake:1  | Reached skill level 1 in Maces & Flails
 28100 | Snake:2  | Found Vaibuent's Antique Armour Shop.
 28102 | Snake:2  | Found Xaoggupu's Weapon Boutique.
 28105 | Snake:2  | Found Wanisek's Antique Armour Shop.
 28230 | Snake:2  | Bought a runed plate armour for 390 gold pieces
 29332 | Snake:3  | Noticed Vashnia
 29683 | Snake:3  | Killed Vashnia
 29924 | Snake:3  | Identified the +0 buckler of Esew {rC- Str+4 Int+2 Dex+3}
 30313 | Snake:3  | Reached skill level 17 in Fighting
 30315 | Snake:3  | Reached skill level 10 in Evocations
 30826 | Snake:3  | Found Askej's Antique Armour Emporium.
 30834 | Snake:3  | Bought a pair of embroidered boots for 315 gold pieces
 30906 | Snake:4  | Entered Level 4 of the Snake Pit
 30921 | Snake:4  | Reached skill level 15 in Shields
 31524 | Elf:1    | Entered Level 1 of the Elven Halls
 31852 | Elf:1    | Paralysed by an air elemental for 1 turns
 31907 | Elf:1    | HP: 1/155 [deep elf zephyrmancer/bolt of lightning (13)]
 32369 | Elf:1    | Reached skill level 5 in Maces & Flails
 32837 | Elf:1    | Reached XP level 17. HP: 51/161 MP: 24/24
 34867 | Elf:1    | Found Cyica's One-of-a-Kind Books.
 35500 | Swamp:1  | Entered Level 1 of the Swamp
 35845 | Swamp:1  | Noticed Roxanne
 35867 | Swamp:1  | Killed Roxanne
 36134 | Swamp:1  | Noticed Donald
 36166 | Swamp:1  | Killed Donald
 36174 | Swamp:1  | Noticed Mlioglotl
 36379 | Swamp:1  | Killed Mlioglotl
 36763 | Swamp:1  | Found a runed translucent gate.
 36763 | Swamp:1  | Found a runed translucent gate.
 36763 | Swamp:1  | Found a runed translucent gate.
 36822 | Swamp:1  | Noticed Deodd's ghost (adept GrFi)
 36822 | Swamp:1  | Noticed Zukhihyth's ghost (adept DDFi)
 37853 | D:10     | Bought an amulet of regeneration for 300 gold pieces
 38209 | Swamp:3  | Noticed a tentacled monstrosity
 38224 | Swamp:3  | Killed a tentacled monstrosity
 38713 | Swamp:4  | Entered Level 4 of the Swamp
 38802 | Swamp:4  | Reached skill level 18 in Fighting
 38906 | Swamp:4  | Reached XP level 18. HP: 172/172 MP: 25/25
 39760 | Swamp:4  | Found a bloodstained altar of Trog.
 40419 | Swamp:4  | Found a blossoming altar of Fedhas.
 40428 | Swamp:4  | Found a basalt altar of Yredelemnul.
 40440 | Swamp:4  | Got a decaying rune of Zot
 42252 | Snake:4  | Got a serpentine rune of Zot
 43138 | Elf:2    | Found a gateway to a bazaar.
 43230 | Bazaar   | Entered a bazaar
 43230 | Bazaar   | Found Bonlycuu's Assorted Antiques.
 43230 | Bazaar   | Found Kihoer's Weapon Emporium.
 43230 | Bazaar   | Found Kyjoph's Armour Shop.
 43230 | Bazaar   | Found Liadd's Distillery.
 43232 | Bazaar   | Found Gybre's General Store.
 43240 | Bazaar   | Bought a scroll of enchant weapon for 120 gold pieces
 43267 | Bazaar   | Bought a potion of resistance for 170 gold pieces
 43267 | Bazaar   | Bought a potion of curing for 51 gold pieces
 43275 | Bazaar   | Bought a wand of iceblast (6) for 116 gold pieces
 43275 | Bazaar   | Bought a shiny wooden ring for 145 gold pieces
 43275 | Bazaar   | Bought a wand of digging (7) for 232 gold pieces
 43275 | Bazaar   | Bought a scroll of teleportation for 87 gold pieces
 43275 | Bazaar   | Bought a scroll of enchant armour for 217 gold pieces
 43283 | Bazaar   | Bought a potion of mutation for 136 gold pieces
 43327 | Elf:2    | Reached skill level 19 in Fighting
 43364 | Elf:2    | Reached skill level 15 in Polearms
 43533 | Elf:2    | Found a runed translucent gate.
 43533 | Elf:2    | Found a runed translucent gate.
 43533 | Elf:2    | Found a runed translucent gate.
 43593 | Elf:2    | Reached XP level 19. HP: 182/182 MP: 27/27
 44352 | Elf:3    | Entered Level 3 of the Elven Halls
 44446 | Elf:3    | Found a frozen archway.
 44480 | IceCv    | Entered an ice cave
 45403 | Elf:3    | Cast into level 2 of the Abyss (a deep elf demonologist)
 45531 | Elf:3    | Escaped the Abyss
 45539 | Elf:3    | Noticed a Brimstone Fiend
 45560 | Elf:3    | HP: 9/184 [deep elf blademaster (5)]
 45574 | Elf:3    | Killed from afar by a deep elf annihilator

Illustrated notes

Levels and vault maps discovered:
D:1:      dpeg_arrival_radiant, layout_rooms, hellmonk_ecumenical_altar_blasted
D:2:      layout_loops_ring, uniq_robin, uniq_sigmund, uniq_natasha
D:3:      layout_basic
D:4:      layout_basic, corexii_checkpoint_a, st_stairs_4
D:5:      layout_basic, minmay_temple_entry_mist
D:6:      layout_loops_ring, old_standard_altar, ebering_ghost_sewer_d,
          uniq_prince_ribbit1
D:7:      layout_basic, uniq_duvessa, uniq_menkaure
D:8:      layout_basic, kennysheep_generic_room_2
D:9:      layout_basic, lemuel_crystal_altar, grunt_temple_overflow_open,
          ebering_ghost_rock_garden, chequers_serial_rivers_micro_a,
          uniq_erolcha, uniq_gastronok
D:10:     layout_big_octagon, nicolae_tso_carved_into_rock, hiddenorc2_lemuel,
          serial_shops, nicolae_shop_bloodbath_and_beyond, nicolae_square_shop,
          nicolae_take_the_stairs, kennysheep_mini, uniq_josephine
D:11:     layout_basic, chequers_guarded_unrand_ignorance
D:12:     lemuel_troll_bridge, layout_basic, serial_shops, shop_coins,
          uniq_fannar
D:13:     minmay_blocking_statues, layout_irregular_city,
          grunt_vaults_entry_fortified, kennysheep_pointless_box, uniq_nessos
D:14:     minmay_ice_pillars, layout_cave_pods, ashenzari_altar_1, uniq_jorgrun
D:15:     grunt_enter_depths_magical_seal, layout_basic,
          nicolae_concentric_dashed_squares_wild, kb_rosetta, uniq_kirke,
          uniq_agnes
Temple:   minmay_crystal_spiral_temple
Lair:1:   layout_gridlike, minivault_27, beast_lair_carwin_7,
          serial_bayou_shore_a
Lair:2:   layout_regular_city, nzn_random_ring
Lair:3:   cheibrodos_lair_overgrown_chateau, layout_big_grid, dummy_snake_entry
Lair:4:   layout_cave_pods, nicolae_swamp_entry_splash_gauntlet
Lair:5:   layout_misc_corridors
Lair:6:   gammafunk_lair_ancient_temple, layout_cave_shapes,
          minmay_slime_entry_pillars, serial_forest,
          infiniplex_forest_clump_long, infiniplex_forest_clump_long,
          infiniplex_forest_side_room, infiniplex_forest_clump_C,
          infiniplex_forest_3_way, infiniplex_forest_zigzag_2,
          infiniplex_forest_clump_large, infiniplex_forest_lined_corner
Swamp:1:  layout_basic_swamp, gammafunk_ghost_cemetery,
          nicolae_swamp_triple_paths, swamp_pool5, nicolae_swamp_snake_nest,
          uniq_donald, uniq_roxanne, uniq_mlioglotl
Swamp:2:  layout_basic_swamp, serial_swamp_ruin, evilmike_swamp_ruin_wall,
          evilmike_swamp_ruin_house_4, hangedman_swamp_ruin_hall
Swamp:3:  layout_basic_swamp, evilmike_swamp_ruin_house_1
Swamp:4:  byrel_swamp_growth_death_and_undeath, layout_basic_swamp, swamp_pool1,
          lemuel_altar_in_water
Snake:1:  layout_chambers
Snake:2:  layout_gridlike, minmay_shop_star, grunt_megastairs_3
Snake:3:  layout_grid_maze, serial_shops, nicolae_shop_trees, lemuel_fruit_tree,
          uniq_vashnia
Snake:4:  snake_pit, layout_cave_town, st_stairs_5, grunt_megastairs_1
Orc:1:    layout_diamond_mine, basic_altar, nicolae_shop_firing_range
Orc:2:    grunt_orc_tribal_feast, layout_diamond_mine
Elf:1:    eino_elf_arrival_customs, layout_gridlike, hangedman_corner_corridor,
          minivault_5, nicolae_rare_books
Elf:2:    elven_hall_of_blades_hangedman_original [nicolae_blade_bullseye],
          layout_geoelf_grid, serial_shops, bzr_entry_gold
Elf:3:    grunt_elf_hall_diamonds, layout_rooms,
          portal_ice_cave_entry_frozen_things, kilobyte_mutagenic_chamber

Skill      XL: |  1  2  3  4  5  6  7  8  9 10 11 12 13 14 15 16 17 18 19 |
---------------+----------------------------------------------------------+-----
Armour         | 4 5 6 7 8 9 10 11 13 14 15 16 17 18 | 18.7
Fighting       | 4 5 6 7 8 9 11 12 13 15 16 17 18 19 | 19.7
Shields        | 4 5 6 7 9 10 12 13 15 16 18 | 18.8
Axes           | 4 5 |  5.2
Dodging        | 1 2 3 4 5 6 7 |  7.5
Polearms       | 1 3 6 8 10 11 12 13 14 15 | 15.5
Stealth        | 1 2 |  2.6
Invocations    | 1 3 4 5 7 8 9 10 11 12 13 | 13.1
Evocations     | 1 3 4 5 6 7 8 9 10 11 12 | 12.3
Maces & Flails | 5 6 |  6.9

Action                   |  1- 3 |  4- 6 |  7- 9 | 10-12 | 13-15 | 16-18 | 19-21 || total
-------------------------+-------+-------+-------+-------+-------+-------+-------++-------
Melee: War axe           |    54 |    59 |       |       |       |       |       ||   113
       Headbutt          |     8 |    13 |    35 |   173 |   392 |   327 |    80 ||  1028
       Spear             |       |    27 |   246 |   770 |  1737 |    77 |       ||  2857
       Mace              |       |       |       |       |       |   594 |       ||   594
       Demon trident     |       |       |       |       |       |   931 |   477 ||  1408
Invok: Upheaval          |       |       |       |     4 |       |       |       ||     4
       Elemental Force   |       |       |       |       |     2 |     8 |       ||    10
       Disaster Area     |       |       |       |       |       |     3 |     1 ||     4
Evoke: Wand              |       |       |       |       |       |    50 |       ||    50
       Phantom mirror    |       |       |       |       |       |     4 |     1 ||     5
       Box of beasts     |       |       |       |       |       |     4 |       ||     4
       Lightning rod     |       |       |       |       |       |       |     2 ||     2
  Use: Potion            |     3 |       |     1 |     2 |     2 |     8 |     5 ||    21
       Scroll            |       |       |    14 |     9 |    10 |    14 |     4 ||    51
 Stab: Sleeping          |       |     4 |    10 |       |       |       |       ||    14
       Distracted        |       |     1 |     1 |       |     1 |       |       ||     3
       Paralysed         |       |       |       |       |     2 |     1 |       ||     3
       Invisible         |       |       |       |       |       |     2 |     1 ||     3
       Confused          |       |       |       |       |       |     1 |       ||     1
Armor: Scale mail        |    15 |     9 |       |       |       |       |       ||    24
       Troll leather arm |       |     8 |    28 |    21 |       |       |       ||    57
       Plate armour      |       |       |       |    94 |   135 |   111 |       ||   340
       Chain mail        |       |       |       |       |   115 |   469 |    73 ||   657
Dodge: Dodged            |    25 |    31 |   117 |   173 |   271 |   454 |    43 ||  1114
       Repelled          |       |       |       |     1 |    11 |    46 |     3 ||    61
Block: Buckler           |    15 |    19 |    32 |   363 |   760 |   123 |       ||  1312
       Reflection        |       |       |       |    11 |    45 |   250 |    14 ||   320
       Tower shield      |       |       |       |       |       |  1940 |   327 ||  2267

Table legend: (Time is in decaauts)
 A = Elapsed time spent in this place.
 B = Non-inter-level travel time spent in this place.
 C = Inter-level travel time spent in this place.
 D = Time resting spent in this place.
 E = Time spent auto-exploring this place.
 F = Levels seen in this place.
 G = Mean time per level.
                   A        B        C        D        E       F      G
               +--------+--------+--------+--------+--------+-----+--------+
         Total |  46230 |  42536 |   3694 |   4943 |  29538 |  38 | 1216.6 |
       Dungeon |  15974 |  14755 |   1219 |    162 |  11914 |  15 | 1064.9 |
        Temple |    213 |    128 |     85 |      0 |    112 |   1 |  213.0 |
          Lair |   8494 |   7377 |   1117 |    893 |   5388 |   6 | 1415.7 |
         Swamp |   4893 |   4585 |    308 |    932 |   2637 |   4 | 1223.2 |
     Snake Pit |   7687 |   7175 |    512 |   1432 |   4627 |   4 | 1921.8 |
  Orcish Mines |   2503 |   2321 |    182 |    574 |   1305 |   2 | 1251.5 |
   Elven Halls |   5372 |   5104 |    268 |    892 |   3042 |   3 | 1790.7 |
         Abyss |    123 |    123 |      0 |      0 |     67 |   1 |  123.0 |
        Bazaar |     75 |     75 |      0 |      0 |     38 |   1 |   75.0 |
      Ice Cave |    891 |    891 |      0 |     57 |    405 |   1 |  891.0 |
               +--------+--------+--------+--------+--------+-----+--------+

Top non-repeatable levels by time:
   Elf:1: 4036 daAuts
 Snake:3: 2563 daAuts
 Snake:2: 2045 daAuts
  Lair:1: 2035 daAuts
 Snake:1: 1694 daAuts
    D:13: 1561 daAuts
 Swamp:1: 1519 daAuts
 Swamp:3: 1489 daAuts
  Lair:4: 1482 daAuts
   Orc:2: 1478 daAuts
    D:15: 1475 daAuts
    D:14: 1472 daAuts
  Lair:2: 1439 daAuts
 Snake:4: 1383 daAuts
    D:11: 1350 daAuts
